 Dungeon Crawl Stone Soup version 0.25.1-2-g60ff931df9 (webtiles) character file.

Game seed: 12006232235274951921

26 pokeman the Magician (level 2, 0/16 HPs)
             Began as a Deep Elf Wizard on Nov 28, 2020.
             Succumbed to an adder's poison
             ... on level 1 of the Dungeon.
             The game lasted 00:01:36 (1605 turns).

pokeman the Magician (Deep Elf Wizard)              Turns: 1605, Time: 00:01:37

Health: 0/16       AC:  2    Str:  4    XL:     2   Next: 89%
Magic:  0/10       EV: 13    Int: 22    God:
Gold:   63         SH:  0    Dex: 13    Spells: 10/11 levels left

rFire    + + .     SeeInvis .   (no weapon)
rCold    + + .     Gourm    .   (no shield)
rNeg     . . .     Faith    .   a - +0 robe
rPois    +         Spirit   .   b - +0 hat
rElec    +         Reflect  .   e - scarf {rC+ rF+}
rCorr    +         Harm     .   (no gloves)
MR       .....                  (no boots)
Stlth    +++.......             (no amulet)
HPRegen  0.05/turn              c - ring of stealth
MPRegen  0.12/turn              (no ring)

@: brilliant, lethally poisoned (0 -> -9), resistant
A: no striking features
a: no special abilities


You were on level 1 of the Dungeon.
You were not hungry.

You visited 1 branch of the dungeon, and saw 2 of its levels.

You collected 63 gold pieces.

Inventory:

Missiles
 i - 16 bolts
Armour
 a - a +0 robe (worn)
 b - a +0 hat (worn)
 e - a scarf of resistance (worn)
Jewellery
 c - a ring of stealth (left hand)
Scrolls
 f - 4 scrolls of teleportation {unknown}
 g - a scroll of identify {unknown}
 k - a scroll of fog {unknown}
Potions
 l - a potion of resistance
Comestibles
 d - 2 rations


   Skills:
 + Level 0.7 Fighting
 + Level 0.6 Armour
 - Level 2.4 Dodging
 - Level 2.4 Stealth
 * Level 5.0 Spellcasting
 + Level 1.6 Conjurations
   Level 1.1 Summonings
   Level 1.1 Translocations


You had 10 spell levels left.
You knew the following spells:

 Your Spells              Type           Power        Failure   Level  Hunger
a - Magic Dart            Conj           ###.         4%          1    None

Your spell library contained the following spells:

 Spells                   Type           Power        Failure   Level  Hunger
 Blink                    Tloc           N/A          10%         2    None
 Call Imp                 Summ           ###.....     10%         2    None
 Slow                     Hex            #.......     16%         2    None
 Conjure Flame            Conj/Fire      ##......     22%         3    None
 Mephitic Cloud           Conj/Pois/Air  ##......     24%         3    None


Dungeon Overview and Level Annotations

Branches:
Dungeon (2/15)

Altars:


Message History

Aim: an adder (almost dead)
The magic dart hits the adder.
The adder is almost dead.
* * * LOW HITPOINT WARNING * * *
You feel sick. The adder closely misses you.
Casting: Magic Dart (safe; 5% risk of failure)
Confirm with . or Enter, or press ? or * to list all spells.
Aiming: Magic Dart (safe; 5% risk of failure)
Press: ? - help, Shift-Dir - straight line, f/p - adder
Aim: an adder (almost dead)
The magic dart hits the adder.
You kill the adder!
Your Spellcasting skill increases to level 5!
It was a potion of resistance.
You feel protected.
* * * LOW HITPOINT WARNING * * *
You feel sick.
It was a potion of brilliance.
You feel clever all of a sudden.
You die...

#.# #.#######################
#........................
#########'#######################
...............# #.# #.
######.........# #.# #.
#.........######### #.###.
######....#............# #.....
..........+.....@......# #.##..
#####....##............# #.##..
#....##............# #.#...
#.####..........#### #.#.#.
#....'..........########+#.#.
######........#.##.........#.
##########........#.##...........
.....)..............##.........#.
....###########.#...##.........#.


There were no monsters in sight!

Vanquished Creatures
  An adder (D:1)
  A dart slug (D:1)
  A leopard gecko (D:1)
  A goblin (D:1)
  2 hobgoblins (D:1)
  3 bats (D:1)
  A frilled lizard (D:1)
  2 kobolds (D:1)
  5 rats (D:1)
17 creatures vanquished.

Notes
Turn   | Place    | Note
-------+----------+-------------------------------------------
     0 | D:1      | pokeman the Deep Elf Wizard began the quest for the Orb.
     0 | D:1      | Reached XP level 1. HP: 10/10 MP: 7/7
     1 | D:1      | Noticed an electric eel
   622 | D:1      | Reached XP level 2. HP: 16/16 MP: 1/9
  1603 | D:1      | Reached skill level 5 in Spellcasting
  1605 | D:1      | Succumbed to an adder's poison

Illustrated notes

Levels and vault maps discovered:
D:1:      arrival_aquarium_a, layout_basic
D:2:      layout_basic, minmay_domino_2, uniq_natasha

Skill      XL: |  1  2 |
---------------+-------+-----
Spellcasting   | 5 |  5.0
Fighting       | |  0.7
Armour         | |  0.6
Dodging        | |  2.4
Stealth        | |  2.4
Conjurations   | |  1.6
Summonings     | |  1.1
Translocations | |  1.1

Action                   || total
-------------------------++-------
 Cast: Magic Dart        ||    52
  Use: Potion            ||     2
  Eat: Chunk             ||     2
Armor: Robe              ||     1
Dodge: Dodged            ||     6
